 Dungeon Crawl Stone Soup version 0.31-a0-204-g7da18cac08 (webtiles) character file.

Game seed: 6050135750389962983

2716 Dylgear the Cleaver (level 9, 0/68 HPs)
             Began as a Formicid Fighter on June 27, 2023.
             Was a Believer of Wu Jian.
             Slain by an orc knight
             ... wielding a +0 glaive
              (9 damage)
             ... in a bailey.
             The game lasted 00:35:13 (8196 turns).

Dylgear the Cleaver (Formicid Fighter)              Turns: 8196, Time: 00:35:14

Health: 0/68       AC: 11    Str: 24    XL:     9   Next: 98%
Magic:  9/9        EV:  9    Int:  7    God:    Wu Jian [**....]
Gold:   549        SH:  7    Dex: 15    Spells: 8/8 levels left

rFire   + . .        a - +2 war axe
rCold   + . .        c - +1 buckler
rNeg    . . .        w - +0 chain mail
rPois   .            (helmet unavailable)
rElec   .            s - +0 cloak
rCorr   .            (no gloves)
SInv    +            (no boots)
Will    .....        (no amulet) Stlth
                     k - ring of protection from fire
HPRegen 0.31/turn    l - ring of protection from cold
MPRegen 0.11/turn

%: no passive effects
@: no status effects
A: permanent stasis, dig shafts and tunnels, antennae 3, four strong arms
a: Dig, Renounce Religion, Wall Jump


You were in a bailey.
You worshipped Wu Jian.
Wu Jian was pleased with you.
You visited 2 branches of the dungeon, and saw 9 of its levels.
You also visited: Bailey.

You collected 549 gold pieces.

Inventory:

Hand Weapons
 a - a +2 war axe (weapon)
 d - a +0 dire flail
 f - a +0 battleaxe
 h - a +3 short sword
 i - a +0 flail
 x - a +2 short sword of speed
Missiles
 e - 3 boomerangs
Armour
 c - a +1 buckler (worn)
 s - a +0 cloak (worn)
 w - a +0 chain mail (worn)
 y - a +0 plate armour
Jewellery
 g - a ring of willpower
 k - a ring of protection from fire (left hand)
 l - a ring of protection from cold (right hand)
 o - a ring of ice
 t - a ring of magical power
Wands
 n - a wand of polymorph (1)
 r - a wand of paralysis (6)
 v - a wand of digging (3)
Scrolls
 m - 2 scrolls of summoning
 p - a scroll of enchant weapon
Potions
 b - a potion of ambrosia
 j - 3 potions of attraction
 q - 3 potions of cancellation
 u - 2 potions of enlightenment
 z - 3 potions of heal wounds


   Skills:
 + Level 5.6 Fighting
 * Level 9.6 Axes
 * Level 7.2 Armour
 + Level 2.0 Dodging
 + Level 0.5 Stealth
 * Level 7.2 Shields
 + Level 0.1 Evocations


You had 8 spell levels left.
You didn't know any spells.
Your spell library contained the following spells:

 Spells                   Type           Power      Damage    Failure   Level
 Sublimation of Blood     Necr           0%         N/A       98%         2
 Wereblood                Tmut           0%         N/A       98%         2
 Call Canine Familiar     Summ           0%         N/A       100%        3
 Ozocubu's Armour         Ice            0%         N/A       100%        3
 Portal Projectile        Hex/Tloc       0%         N/A       100%        3
 Animate Dead             Necr           0%         N/A       100%        4
 Leda's Liquefaction      Hex/Erth       0%         N/A       100%        4
 Metabolic Englaciation   Hex/Ice        0%         N/A       100%        5
 Simulacrum               Ice/Necr       0%         N/A       100%        6
 Haunt                    Necr/Summ      0%         N/A       100%        7
 Ozocubu's Refrigeration  Ice            0%         4d7       100%        7
 Summon Hydra             Summ           0%         N/A       100%        7
 Infestation              Necr           0%         N/A       100%        8


Dungeon Overview and Level Annotations

Branches:
Dungeon (8/15)             Temple (1/1) D:6            Lair (0/5) D:8
 Bailey (1/1)

Altars:
Ashenzari
Cheibriados
Elyvilon
Fedhas
Hepliaklqana
Makhleb
Nemelex Xobeh
Okawaru
Qazlal
Ru
Sif Muna
Trog
Uskayaw
Vehumet
Wu Jian
Xom
Yredelemnul
Zin
The Shining One


Innate Abilities, Weirdness & Mutations

You cannot be hasted, slowed, berserked, paralysed or teleported.
You can dig through walls and to a lower floor.
You have a pair of large antennae on your head. (SInv)
Your four strong arms can wield two-handed weapons with a shield.


Message History

Things that are here:
a +0 trident; a +0 chain mail
Things that are here:
a +0 hand axe; a +0 war axe; a +0 hand axe An orc warrior comes into view.
It is wielding a +0 glaive.
Things that are here:
a +0 war axe; an orc skeleton The orc warrior shouts!
Things that are here:
a +0 trident; a +0 chain mail
Things that are here:
a +0 hand axe; a +0 war axe; a +0 hand axe
Things that are here:
a +0 hand axe; a +0 war axe; a +0 hand axe You lunge at the orc.
You barely miss the orc. The orc hits you with a +0 spear.
You hit the orc.
The orc is severely wounded.
The orc barely misses you.
You slash the orc!
You kill the orc!
The Council accepts your kill.
You closely miss the orc knight.
The orc knight hits you with a +0 glaive!!
The orc knight hits you with a +0 glaive!
* * * LOW HITPOINT WARNING * * *
The orc knight attacks as you move away!
The orc knight barely misses you. You block the orc knight's attack.
Items here: )) [ †.
Things that are here:
a +0 halberd; a +0 ring mail; an orc skeleton
Things that are here:
a +0 war axe; an orc skeleton An orc knight comes into view.
It is wielding a +0 halberd.
Things that are here:
a +0 hand axe; a +0 war axe; a +0 hand axe
Items here: )) [ †.
There is a gate leading back out of this place here.
The orc knight hits you from afar with a +0 glaive!
You die...

# ############ ##
##....)...@.##
.######.....#......#
.#....#....###..o..#
.).o..)o....8.)o..∩#
.#....#....###)))).#
.######.....#...)..#
## ##....)...∩.## #
############


You could see an orc knight and an orc warrior.

Vanquished Creatures
  A wyvern (D:7)
  A water moccasin (D:6)
  4 orc warriors
  2 ogres
  2 black bears
  2 phantoms
  3 kobold brigands
  4 scorpions
  3 wights
  A quasit (D:7)
  5 hounds
  5 jellies
  3 orc priests
  A sleepcap (D:5)
  A gnoll bouda (D:5)
  An iguana (D:6)
  Terence (D:3)
  Natasha (twice) (D:3)
  3 orc wizards
  7 gnolls
  11 adders
  A shadow imp (D:6)
  4 white imps
  40 orcs
  2 ball pythons
  A bat (D:3)
  12 endoplasms
  3 giant cockroaches
  9 goblins
  2 hobgoblins (D:1)
  7 jackals (D:3)
  2 quokkas
  3 frilled lizards
  19 kobolds
  A rat (D:2)
169 creatures vanquished.

Notes
Turn   | Place    | Note
-------+----------+-------------------------------------------
     0 | D:1      | Dylgear the Formicid Fighter began the quest for the Orb.
     0 | D:1      | Reached XP level 1. HP: 18/18 MP: 1/1
   218 | D:1      | Reached XP level 2. HP: 24/24 MP: 2/2
   901 | D:2      | Reached XP level 3. HP: 21/29 MP: 3/3
  1227 | D:2      | Reached XP level 4. HP: 31/37 MP: 4/4
  1719 | D:3      | Reached skill level 3 in Axes
  1757 | D:3      | Noticed Natasha
  1765 | D:3      | Killed Natasha
  2047 | D:3      | Reached XP level 5. HP: 40/42 MP: 5/5
  2155 | D:3      | Noticed Terence
  2165 | D:3      | Killed Terence
  2614 | D:4      | Reached skill level 4 in Axes
  2776 | D:4      | Reached XP level 6. HP: 43/48 MP: 6/6
  2893 | D:3      | Noticed Natasha
  2913 | D:3      | Killed Natasha
  3030 | D:4      | Reached skill level 1 in Dodging
  3335 | D:5      | Entered Level 5 of the Dungeon
  3562 | D:5      | Noticed a black bear
  3570 | D:5      | Killed a black bear
  3571 | D:5      | Reached skill level 5 in Axes
  3573 | D:5      | Reached XP level 7. HP: 41/54 MP: 7/7
  3828 | D:5      | Reached skill level 5 in Armour
  4019 | D:5      | Found a bloodstained altar of Trog.
  4037 | D:5      | Reached skill level 5 in Shields
  4087 | D:5      | Noticed an air elemental
  4095 | D:5      | Found a stormy altar of Qazlal.
  4096 | D:5      | Noticed a fire elemental
  4097 | D:5      | Noticed a water elemental
  4179 | D:5      | Reached skill level 6 in Axes
  4183 | D:5      | Reached XP level 8. HP: 38/60 MP: 8/8
  4582 | D:6      | Found a staircase to the Ecumenical Temple.
  4609 | Temple   | Entered the Ecumenical Temple
  4749 | Temple   | Became a worshipper of the Wu Jian Council
  5012 | D:6      | Found a sparkling altar of Nemelex Xobeh.
  5133 | D:6      | Found a blossoming altar of Fedhas.
  5134 | D:6      | Found a basalt altar of Yredelemnul.
  5227 | D:6      | Found a glowing golden altar of the Shining One.
  5568 | D:6      | Reached skill level 7 in Axes
  5599 | D:6      | Reached XP level 9. HP: 53/66 MP: 9/9
  5609 | D:6      | Reached skill level 8 in Axes
  5934 | D:7      | Reached * piety under Wu Jian
  6944 | D:7      | Reached skill level 5 in Fighting
  6944 | D:7      | Reached skill level 9 in Axes
  7307 | D:8      | Found a flagged portal.
  7520 | Bailey   | Entered a bailey
  7946 | Bailey   | Reached ** piety under Wu Jian
  8040 | Bailey   | Noticed an orc knight
  8187 | Bailey   | Noticed an orc knight
  8196 | Bailey   | Slain by an orc knight

Illustrated notes

Levels and vault maps discovered:
D:1:      matt_arrival_grand_opening, layout_basic
D:2:      layout_rooms
D:3:      layout_loops_ring, uniq_terence, uniq_natasha
D:4:      layout_loops_cross
D:5:      layout_loops_corners, mainiacjoe_overflow_paths,
          nicolae_qazlal_style_of_elements
D:6:      layout_loops_ring, lemuel_crystal_altar, nemelex_spade_bored_becter,
          mainiacjoe_overflow_divided_tiny, minmay_temple_entry_gardened_gates,
          minmay_joined_circles
D:7:      layout_loops_corners
D:8:      layout_basic, lemuel_coloured_pillars_altar, lair_entry_dummy,
          serial_demonic, serial_demonic_g, serial_demonic_b, serial_demonic_g,
          serial_demonic_b, serial_demonic_a, serial_demonic_a, enter_bailey_2
Temple:   oiseaux_autumnal_temple
Bailey:   bailey_polearm_5, bailey

Skill      XL: |  1  2  3  4  5  6  7  8  9 |
---------------+----------------------------+-----
Axes           | 3 4 5 6 7 9 |  9.6
Armour         | 4 5 6 7 |  7.2
Fighting       | 4 5 |  5.6
Dodging        | 1 2 |  2.0
Shields        | 5 7 |  7.2
Stealth        | |  0.5
Evocations     | |  0.1

Action                     |  1- 3 |  4- 6 |  7- 9 || total
---------------------------+-------+-------+-------++-------
  Melee: War axe           |    87 |   127 |   322 ||   536
Ability: Lunge             |       |       |    19 ||    19
         Whirlwind         |       |       |    37 ||    37
  Evoke: Wand              |       |       |     8 ||     8
    Use: Scroll            |       |    14 |     7 ||    21
         Potion            |       |     1 |     6 ||     7
 Armour: Scale mail        |    55 |    65 |    36 ||   156
         Chain mail        |       |       |    88 ||    88
         Skin              |       |       |     1 ||     1
  Dodge: Dodged            |    46 |    57 |   118 ||   221
  Block: Buckler           |    25 |    38 |   113 ||   176

Table legend: (Time is in decaauts)
 A = Elapsed time spent in this place.
 B = Non-inter-level travel time spent in this place.
 C = Inter-level travel time spent in this place.
 D = Time resting spent in this place.
 E = Time spent auto-exploring this place.
 F = Levels seen in this place.
 G = Mean time per level.
                   A        B        C        D        E       F      G
               +--------+--------+--------+--------+--------+-----+--------+
         Total |   8332 |   7756 |    576 |   1399 |   4075 |  10 |  833.2 |
       Dungeon |   7339 |   6794 |    545 |   1179 |   3821 |   8 |  917.4 |
        Temple |    315 |    284 |     31 |      0 |    254 |   1 |  315.0 |
        Bailey |    677 |    677 |      0 |    220 |      0 |   1 |  677.0 |
               +--------+--------+--------+--------+--------+-----+--------+

Top non-repeatable levels by time:
     D:5: 1365 daAuts
     D:6: 1224 daAuts
     D:7: 1138 daAuts
     D:3: 1121 daAuts
     D:1: 998 daAuts
     D:4: 823 daAuts
  Bailey: 677 daAuts
     D:2: 565 daAuts
  Temple: 315 daAuts
     D:8: 102 daAuts
